AoeStats
← Bonea

Socotra

506623223Analyzed
4v4 RM · 17d ago on Sep 14, 2026· 33m 24s· 8 players
Game mode
Random Map
Map size
148×148
Population
200
Speed
Normal
Resources
Standard
Victory
Conquest
Starting age
Dark Age
Ending age
Imperial Age
RankedLock teamsTeams togetherTeam positionsShared explorationLock speedFull tech treeHidden civsTurbo modeCheats
Victory
Defeat
🇹🇼 Magyars · Taiwan
1322
+14
🇹🇼 Japanese · Taiwan
1320
+14
🇨🇳 Koreans · China
1225
+18
🇨🇳 Bengalis · China
1224
+18
🇨🇳 Armenians · China
1307
-17
🇩🇪 Koreans · Germany
1285
-17
🇪🇸 Bohemians · Spain
1249
-15
🇷🇺 Portuguese · Russia
1244
-15
Olli
7:17 Loom
9:36 Feudal Age
11:01 Horse Collar
11:18 Double-Bit Axe
17:03 Gold Mining
17:08 Stone Mining
17:46 Fletching
24:22 Castle Age
25:31 Bow Saw
26:00 Bodkin Arrow
25:31 Crossbowman
27:23 Stone Shaft Mining
27:11 Thumb Ring
30:18 Ballistics
32:29 Eupseong
Petit_Pois
6:27 Loom
9:14 Feudal Age
9:21 Man-at-Arms
13:31 Double-Bit Axe
17:58 Fletching
27:26 Castle Age
lex
9:12 Loom
11:00 Feudal Age
11:29 Loom
15:24 Castle Age
13:45 Double-Bit Axe
14:21 Horse Collar
15:14 Gold Mining
16:28 Bow Saw
19:26 Fletching
22:26 Bodkin Arrow
27:28 Wheelbarrow
31:36 Imperial Age
不许穿打底裤
7:13 Loom
9:50 Feudal Age
9:57 Man-at-Arms
11:15 Long Swordsman
17:52 Wheelbarrow
17:23 Fletching
18:12 Padded Archer Armor
18:59 Double-Bit Axe
24:24 Castle Age
23:12 Scale Mail Armor
23:14 Horse Collar
24:42 Forging
24:26 Elite Skirmisher
25:20 Bodkin Arrow
26:39 Pikeman
pinder
2:08 Loom
5:51 Loom
8:59 Feudal Age
9:14 Man-at-Arms
11:56 Fletching
13:34 Horse Collar
15:55 Double-Bit Axe
22:45 Castle Age
22:53 Crossbowman
23:29 Bodkin Arrow
24:56 Padded Archer Armor
31:01 Ballistics
33:51 Thumb Ring
EGO
5:59 Loom
6:10 Loom
9:04 Feudal Age
9:52 Double-Bit Axe
22:39 Castle Age
20:40 Horse Collar
21:25 Scale Barding Armor
21:54 Bloodlines
23:39 Wheelbarrow
22:42 Light Cavalry
23:41 Bow Saw
25:15 Gold Mining
27:38 Chain Barding Armor
29:43 Husbandry
psrycc
0:45 Loom
12:29 Feudal Age
17:53 Castle Age
15:59 Horse Collar
16:27 Double-Bit Axe
20:18 Gold Mining
20:19 Stone Mining
Bonea
7:21 Loom
9:40 Feudal Age
23:57 Castle Age
33:51 Wheelbarrow
33:06 Double-Bit Axe
33:02 Horse Collar
Connection lost

Rejoining the realm…

Still unreachable

The connection could not be restored.

Session expired

The server has moved on; the page needs a fresh start.